Map: Abiogenesis LE

Players

axu

  • Race: Protoss Protoss
  • League: Platinum
  • Spawn Location: 5:00

Removeit - Winner!

  • Race: Zerg Zerg
  • League: Diamond
  • Spawn Location: 11:00

VOD

Have the link to the VOD?

Description

Time

  • Played on: May 4, 2018, 2:16 p.m.
  • Length: 5:27
Show
View Real Time Build Order
Export as new Build Order

axu Protoss 

Build Orders: 1 Gate Expand 

Get SALT Encoding   

  12  0:01  Probe  
  13  0:13  Probe  
  14  0:22  Pylon  
  14  0:25  Probe  
  15  0:40  Probe  
  16  0:42  Gateway  
  16  0:52  Probe  
  16  0:55  Assimilator  
  17  1:01  Probe  
  17  1:09  Probe  
  19  1:21  Probe  
  20  1:37  Nexus  
  20  1:45  Zealot  
  20  1:46  Cybernetics Core  
  22  1:57  Pylon  
  22  2:12  Assimilator, Probe  
  23  2:21  Adept  
  23  2:25  Pylon  
  23  2:28  Warp Gate  
  25  2:30  Probe  
  26  2:41  Adept  
  26  2:48  Probe  
  27  3:03  Pylon  
  25  3:12  Pylon  
  25  3:15  Adept  
  27  3:22  Pylon  
  27  3:23  Shield Battery  
  27  3:26  Gateway  
  27  3:33  Probe x2  
  29  3:42  Adept  
  29  3:45  Probe x2  
  33  3:56  Stargate  
  33  3:57  Probe  
  33  3:58  Probe  
  35  4:09  Adept  
  37  4:11  Gateway  
  37  4:34  Pylon  
  33  4:41  Pylon  
  27  5:09  Adept  
  27  5:11  Probe x2  
Show
View Real Time Build Order
Export as new Build Order

Removeit Zerg - Winner!

Build Orders: Pool First, Zergling Baneling 

Get SALT Encoding   

  12  0:09  Drone x2  
  14  0:17  Overlord  
  14  0:21  Extractor  
  14  0:24  Drone  
  14  0:42  Spawning Pool  
  13  0:46  Drone  
  14  0:57  Drone x2  
  16  1:05  Drone  
  17  1:47  Zergling x6  
  19  1:51  Hatchery, Metabolic Boost  
  19  2:03  Zergling x2  
  19  2:07  Baneling Nest  
  19  2:10  Zergling x2  
  20  2:24  Zergling x2  
  21  2:31  Zergling x2  
  22  2:42  Overlord  
  19  3:02  Drone  
  19  3:03  Zergling x2  
  21  3:06  Baneling x2  
  21  3:07  Zergling x2  
  21  3:17  Zergling x4  
  22  3:24  Zergling x2  
  22  3:26  Zergling x2  
  22  3:27  Queen  
  24  3:35  Zergling x2  
  24  3:38  Zergling x2  
  26  3:45  Zergling x2  
  26  3:47  Zergling x2  
  28  3:55  Baneling x3  
  28  3:56  Baneling  
  28  3:57  Baneling  
  28  3:58  Baneling x3  
  28  4:00  Zergling x4  
  30  4:07  Zergling x2  
  30  4:09  Zergling x2  
  32  4:19  Zergling x4  
  30  4:29  Zergling x4  
  30  4:37  Zergling x4  
  30  4:38  Zergling x2  
  30  4:42  Zergling x4  
  32  4:52  Zergling x2  
  32  4:53  Zergling x2  
  33  5:01  Zergling x2  
  33  5:05  Zergling x2  
Tags
 
Add a new tag
Caveats
  • Supply blocks, unpowered buildings, or Contaminate may cause inaccurate times.
  • Supply counts are checked every 10 seconds.